 Dungeon Crawl Stone Soup version 0.29.1-15-g9cfb28693d (webtiles) character file.

Game seed: 8337506845695345505

13 protoss039 the Digger (level 2, -3/21 HPs)
             Began as a Demonspawn Earth Elementalist on Mar 12, 2023.
             Slain by a kobold
             ... wielding a +0 short sword
              (4 damage)
             ... on level 1 of the Dungeon.
             The game lasted 00:00:34 (560 turns).

protoss039 the Digger (DsEE)                         Turns: 560, Time: 00:00:35

Health: -3/21      AC:  2    Str:  8    XL:     2   Next: 24%
Magic:  3/5        EV: 12    Int: 16    God:
Gold:   43         SH:  0    Dex: 13    Spells: 4/5 levels left

rFire   . . .      SeeInvis .   d - +0 club
rCold   . . .      Faith    .   (no shield)
rNeg    . . .      Spirit   .   a - +0 robe
rPois   .          Reflect  .   (no helmet)
rElec   .          Harm     .   (no cloak)
rCorr   .          Rampage  .   (no gloves)
Will    .....                   (no boots)
Stlth   ++........              (no amulet)
HPRegen 0.07/turn               (no ring)
MPRegen 0.09/turn               (no ring)

@: no status effects
A: ignite blood 1
a: no special abilities


You were on level 1 of the Dungeon.
You visited 1 branch of the dungeon, and saw 1 of its levels.

You collected 43 gold pieces.

Inventory:

Hand Weapons
 d - a +0 club (weapon)
Armour
 a - a +0 robe (worn)
Scrolls
 c - a scroll of noise {unknown}
Potions
 b - a potion of magic


   Skills:
 + Level 1.0 Fighting
 - Level 1.7 Dodging
 - Level 1.7 Stealth
 + Level 2.2 Spellcasting
 - Level 0.8 Transmutations
 + Level 2.9 Earth Magic


You had 4 spell levels left.
You knew the following spells:

 Your Spells              Type           Power      Damage    Failure   Level
a - Sandblast             Erth           22%        2d7       6%          1

Your spell library contained the following spells:

 Spells                   Type           Power      Damage    Failure   Level
 Passwall                 Tmut/Erth      5%         N/A       14%         2
 Stone Arrow              Conj/Erth      12%        3d7       32%         3
 Petrify                  Tmut/Erth      7%         N/A       67%         4


Dungeon Overview and Level Annotations

Branches:
Dungeon (1/15) Zot: 5429

Altars:


Innate Abilities, Weirdness & Mutations

Your demonic aura sometimes causes spilled blood to erupt in flames.


Message History

The hobgoblin shouts!
The giant cockroach bites you. The dart slug launches a dart at you.
The slug dart misses you.
The kobold hits you with a +0 short sword.
The giant cockroach completely misses you.
The endoplasm quivers.
You hit the giant cockroach but do no damage.
The giant cockroach is almost dead.
The giant cockroach completely misses you.
The kobold misses you. The dart slug barely misses you.
Unknown command.
You barely miss the giant cockroach.
The giant cockroach is almost dead.
The giant cockroach bites you but does no damage.
The kobold hits you with a +0 short sword.
The dart slug closely misses you.
The giant cockroach bites you but does no damage.
The kobold hits you with a +0 short sword.
You hit the giant cockroach but do no damage.
The giant cockroach is almost dead.
The giant cockroach bites you.
The kobold hits you with a +0 short sword.
* * * LOW HITPOINT WARNING * * *
The dart slug bites you but does no damage.
The giant cockroach bites you but does no damage.
You hit the giant cockroach.
You kill the giant cockroach!
The kobold hits you with a +0 short sword.
* * * LOW HITPOINT WARNING * * *
The dart slug bites you but does no damage.
Your Fighting skill increases to level 1!
Unknown command.
Unknown command.
The hobgoblin attacks as you move away! The hobgoblin hits you.
* * * LOW HITPOINT WARNING * * *
Unknown command.
The kobold attacks as you move away!
The kobold hits you with a +0 short sword.
You die...

.># ^#..# ..##.#..# ..
........# ...#
#.......##
g..$.##.........
#...J.......#
####†#......# #.#
#...gK......# ###.# #.#
#.##@#......# ....####.#
#.##.#....... ......##.#
#....#.....##
......##.#.#####.#.....#
......##.#.......###+###
......##.####....#
......##.####.#..#
......#..##...#..#
####).........#..#


You could see an endoplasm, a hobgoblin and a kobold.

Vanquished Creatures
  2 bats (D:1)
  An endoplasm (D:1)
  2 giant cockroaches (D:1)
  A goblin (D:1)
  2 hobgoblins (D:1)
  A quokka (D:1)
  A frilled lizard (D:1)
  A kobold (D:1)
11 creatures vanquished.

Vanquished Creatures (others)
  A demonic plant (D:1)
1 creature vanquished.

Grand Total: 12 creatures vanquished

Notes
Turn   | Place    | Note
-------+----------+-------------------------------------------
     0 | D:1      | protoss039 the Demonspawn Earth Elementalist began the
                  | quest for the Orb.
     0 | D:1      | Reached XP level 1. HP: 13/13 MP: 3/3
   418 | D:1      | Gained mutation: Your demonic aura sometimes causes spilled
                  | blood to erupt in flames. [demonic ancestry]
   418 | D:1      | Reached XP level 2. HP: 20/20 MP: 3/5
   559 | D:1      | Reached skill level 1 in Fighting
   559 | D:1      | HP: 1/21 [hobgoblin (1)]
   560 | D:1      | Slain by a kobold

Illustrated notes

Levels and vault maps discovered:
D:1:      dpeg_arrival_lava_altar, layout_basic,
          dreamdust_ecumenical_altar_sealed_demon, ebering_dispersal_statue_hall

Skill      XL: |  1  2 |
---------------+-------+-----
Fighting       | 1 |  1.0
Dodging        | |  1.7
Stealth        | |  1.7
Spellcasting   | |  2.2
Transmutations | |  0.8
Earth Magic    | |  2.9

Action                   || total
-------------------------++-------
Melee: Club              ||    11
 Cast: Sandblast         ||    16
Armor: Robe              ||     6
Dodge: Dodged            ||    17
